 Dungeon Crawl Stone Soup version 0.28.0-47-ge53b351184 (webtiles) character file.

Game seed: 6596195575038146544

1215 101zpm the Magician (level 8, -8/51 HPs)
             Began as a Djinni Fire Elementalist on Apr 30, 2022.
             Shot with an arrow by a centaur (10 damage)
             ... on level 5 of the Dungeon.
             The game lasted 00:15:15 (7997 turns).

101zpm the Magician (Djinni Fire Elementalist)      Turns: 7997, Time: 00:15:16

Health: -8/51      AC:  4    Str:  7    XL:     8   Next: 75%
Gold:   229        EV: 12    Int: 20    God:
                   SH:  0    Dex: 13

rFire   + + .      SeeInvis .   g - +3 short sword
rCold   x . .      Faith    .   (no shield)
rNeg    . . .      Spirit   .   a - +0 robe
rPois   ∞          Reflect  .   l - +1 helmet
rElec   .          Harm     .   (no cloak)
rCorr   .          Rampage  .   (no gloves)
Will    .....                   (boots unavailable)
Stlth   ++........              (no amulet)
HPRegen 0.17/turn               (no ring)
MPRegen 0.00/turn               (no ring)

@: flying
A: sickness immunity, fire resistance 2, cold vulnerability 1, float, innate
caster, HP casting, extra vitality 1
a: no special abilities


You were on level 5 of the Dungeon.
You visited 1 branch of the dungeon, and saw 5 of its levels.

You collected 229 gold pieces.

Inventory:

Hand Weapons
 g - a +3 short sword (weapon)
Missiles
 h - 170 stones
Armour
 a - a +0 robe (worn)
 l - a +1 helmet (worn)
 p - a +0 pair of gloves
 q - a +0 cloak
Magical Staves
 c - a staff of air
Jewellery
 t - a ring of positive energy
Scrolls
 f - 4 scrolls of identify {unknown}
 k - 2 scrolls of holy word {unknown}
 o - a scroll of fear {unknown}
 s - a scroll of brand weapon {unknown}
Potions
 b - a potion of mutation {unknown}
 d - 2 potions of lignification {unknown}
 e - 3 potions of curing {unknown}
 i - a potion of heal wounds {unknown}
 j - 3 potions of berserk rage {unknown}
 m - 3 potions of might {unknown}
 n - 2 potions of degeneration {unknown}
 r - a potion of flight {unknown}


   Skills:
 + Level 0.6 Fighting
 + Level 0.3 Short Blades
 + Level 2.5 Dodging
 + Level 2.5 Stealth
 + Level 7.7 Spellcasting


You had 3 spell levels left.
You knew the following spells:

 Your Spells              Type           Power      Damage    Failure   Level
a - Foxfire               Conj/Fire      100%       2x1d9     1%          1
b - Scorch                Fire           76%        2d9       1%          2
c - Conjure Flame         Conj/Fire      38%        6-21      1%          3
d - Inner Flame           Hex/Fire       38%        N/A       1%          3
e - Flame Wave            Conj/Fire      38%        2d9       3%          4
f - Beastly Appendage     Tmut           76%        N/A       1%          1
g - Poisonous Vapours     Pois/Air       76%        N/A       1%          2
h - Stone Arrow           Conj/Erth      76%        3d11      1%          3
Your spell library was empty.

Dungeon Overview and Level Annotations

Branches:
Dungeon (5/15)
 Temple: D:4-7

Altars:
Dithmenos
Ru
Vehumet

Shops:
D:1 (


Innate Abilities, Weirdness & Mutations

You are immune to sickness and miasma.
You are immune to poison.
Your flesh is very heat resistant. (rF++)
You are vulnerable to cold. (rC-)
You float through the air rather than walking.
You learn spells naturally, not from books.
Your magical power is your life essence.
You have superior vitality. (+4 MHP)


Message History

Things that are here:
a +4 hand axe; a +0 robe
Things that are here:
a +0 scimitar; a +0 robe
Found an escape hatch in the floor.
A centaur comes into view.
The centaur shouts!
The centaur wields a +0 shortbow.
The centaur shoots an arrow.
The arrow hits you.
Casting: Foxfire (safe; 1% risk of failure)
Confirm with . or Enter, or press ? or * to list all spells.
Aiming: Inner Flame (safe; 1% risk of failure)
Press: ? - help, Dir - move target, f - centaur
Aim: a centaur, wielding a +0 shortbow and quivering arrows (chance to affect: 88%)
The centaur is filled with an inner flame.
The centaur shoots an arrow.
The arrow hits you!
You conjure some foxfire!
The centaur shoots an arrow.
The arrow hits you!
The centaur shoots an arrow.
The arrow hits you!
Your foxfire dissipates!
Casting: Foxfire (safe; 1% risk of failure)
Press: ? - help, Q - select action, (/) - cycle Dir - look around, f - activate You conjure some foxfire!
Your foxfire dissipates!
The centaur shoots an arrow.
The arrow hits you!
* * * LOW HITPOINT WARNING * * *
Casting: Foxfire (safe; 1% risk of failure)
Press: ? - help, Q - select action, (/) - cycle Dir - look around, f - activate You conjure some foxfire!
* * * LOW HITPOINT WARNING * * *
Your foxfire dissipates!
Casting: Foxfire (safe; 1% risk of failure)
Press: ? - help, Q - select action, (/) - cycle Dir - look around, f - activate You conjure some foxfire!
* * * LOW HITPOINT WARNING * * *
The foxfire hits the centaur!
Flame seeps out of the centaur.
The centaur is moderately wounded.
The centaur is engulfed in blazing flames.
Flame seeps out of the centaur.
The centaur shoots an arrow.
The arrow hits you!
You die...

#..........#.#.###
#...>........#.#..
#....#####.###.###
#....#####........
#..§..............
#....######.####..
#....# #. #..
#####vv..# # #..
#.c.§@v..# #..
#.######## #.. #.#
... #...# #...#
#..># #.§.# #..v.
#...c#


You could see a centaur (inner flame, ally target).

Vanquished Creatures
  A necrophage (D:4)
  A centaur (D:5)
  3 ogres (D:5)
  2 scorpions (D:5)
  A water moccasin skeleton (D:5)
  5 wights (D:5)
  An orc priest (D:5)
  A hound (D:4)
  A bullfrog skeleton (D:5)
  An iguana (D:5)
  4 orc wizards
  7 gnolls
  An adder (D:2)
  A white imp (D:3)
  A worm (D:1)
  5 dart slugs
  13 orcs
  7 bats
  5 endoplasms
  6 giant cockroaches
  9 goblins
  8 hobgoblins
  6 jackals (D:1)
  4 quokkas
  9 ball pythons
  6 frilled lizards
  6 kobolds
  4 rats
119 creatures vanquished.

Vanquished Creatures (others)
  490 foxfires
490 creatures vanquished.

Grand Total: 609 creatures vanquished

Notes
Turn   | Place    | Note
-------+----------+-------------------------------------------
     0 | D:1      | 101zpm the Djinni Fire Elementalist began the quest for the
                  | Orb.
     0 | D:1      | Reached XP level 1. HP: 15/15 MP: 0/0
   244 | D:1      | Reached XP level 2. HP: 17/21 MP: 0/0
   544 | D:1      | Reached skill level 3 in Spellcasting
   857 | D:1      | Reached XP level 3. HP: 23/25 MP: 0/0
   857 | D:1      | Learned a level 1 spell: Beastly Appendage
   953 | D:1      | Found Hygiriom's Weapon Shoppe.
  1893 | D:2      | Reached XP level 4. HP: 25/31 MP: 0/0
  2538 | D:2      | Found a shadowy altar of Dithmenos.
  3078 | D:2      | Reached XP level 5. HP: 33/35 MP: 0/0
  3078 | D:2      | Learned a level 2 spell: Poisonous Vapours
  3486 | D:3      | Reached skill level 4 in Spellcasting
  4320 | D:3      | Found a sacrificial altar of Ru.
  4480 | D:3      | Reached XP level 6. HP: 35/41 MP: 0/0
  5096 | D:4      | Noticed a necrophage
  5100 | D:4      | Killed a necrophage
  5101 | D:4      | Reached skill level 5 in Spellcasting
  5128 | D:4      | Reached XP level 7. HP: 35/46 MP: 0/0
  5128 | D:4      | Learned a level 3 spell: Stone Arrow
  6041 | D:4      | Identified the +3 chain mail "Liugacyo" {rC- Str+8 Slay-6
                  | Stlth+}
  6558 | D:5      | Entered Level 5 of the Dungeon
  6885 | D:5      | Reached skill level 6 in Spellcasting
  7150 | D:5      | Reached XP level 8. HP: 16/51 MP: 0/0
  7397 | D:5      | Reached skill level 7 in Spellcasting
  7997 | D:5      | Shot with an arrow by a centaur

Illustrated notes

Levels and vault maps discovered:
D:1:      lemuel_arrival_lava_pool, layout_basic, serial_shops,
          nicolae_shop_stone, minmay_cut_off
D:2:      layout_loops_ring, basic_altar, due_unseen_surprise
D:3:      layout_basic, mainiacjoe_overflow_two_lobes, minmay_increasing_density
D:4:      layout_basic
D:5:      layout_basic, minmay_misc_feat_roman, patterned_corridor

Skill      XL: |  1  2  3  4  5  6  7  8 |
---------------+-------------------------+-----
Spellcasting   | 3 4 5 6 7 |  7.7
Stealth        | 2 |  2.5
Fighting       | |  0.6
Short Blades   | |  0.3
Dodging        | |  2.5

Action                   |  1- 3 |  4- 6 |  7- 9 || total
-------------------------+-------+-------+-------++-------
Melee: Short sword       |     1 |    12 |       ||    13
 Cast: Foxfire           |    77 |   164 |    91 ||   332
       Scorch            |     6 |    17 |       ||    23
       Inner Flame       |       |     3 |    34 ||    37
Armor: Robe              |    11 |     2 |     1 ||    14
Dodge: Dodged            |    19 |     8 |     8 ||    35
